Map: Abyssal Reef LE

Players

eXile

  • Race: Zerg Zerg
  • League: Platinum
  • Spawn Location: 5:00

oldGREGG - Winner!

  • Race: Protoss Protoss
  • League: Platinum
  • Spawn Location: 11:00

VOD

Have the link to the VOD?

Description

Time

  • Played on: July 17, 2017, 6:51 p.m.
  • Length: 17:15
Show
View Real Time Build Order
Export as new Build Order

eXile Zerg 

Build Orders: Hatch First 

Get SALT Encoding   

  12  0:02  Drone  
  13  0:13  Overlord  
  13  0:18  Drone  
  14  0:33  Drone x2  
  16  0:38  Drone  
  17  0:54  Hatchery  
  16  0:57  Drone  
  16  0:59  Extractor  
  16  1:02  Drone  
  17  1:18  Spawning Pool  
  16  1:20  Drone  
  17  1:27  Drone  
  18  1:38  Drone  
  19  1:40  Overlord  
  19  1:53  Drone  
  20  2:05  Metabolic Boost  
  20  2:06  Queen  
  22  2:08  Queen  
  24  2:16  Drone x2  
  26  2:24  Zergling x4  
  28  2:31  Drone x2  
  30  2:41  Pneumatized Carapace  
  30  2:47  Drone x3  
  33  2:52  Overlord  
  33  3:03  Drone x2  
  35  3:07  Extractor  
  34  3:26  Drone  
  35  3:28  Hatchery  
  34  3:40  Queen  
  36  3:43  Zergling x12  
  42  3:50  Spore Crawler  
  42  3:54  Spore Crawler  
  40  3:57  Queen  
  42  4:13  Drone x2  
  44  4:19  Baneling Nest  
  43  4:27  Drone  
  43  4:28  Overlord  
  43  4:29  Overlord x2  
  44  4:39  Queen  
  46  5:05  Queen  
  48  5:08  Drone x10  
  48  5:12  Extractor  
  48  5:13  Extractor  
  56  5:23  Lair  
  56  5:29  Spore Crawler  
  55  5:41  Queen  
  57  5:57  Drone x2  
  57  5:58  Drone x10  
  69  6:09  Evolution Chamber  
  69  6:10  Evolution Chamber  
  67  6:11  Overlord  
  67  6:13  Overlord  
  67  6:17  Spore Crawler  
  66  6:22  Spore Crawler  
  65  6:44  Zergling x6  
  65  6:45  Zergling x8  
  72  6:48  Queen, Hydralisk Den  
  73  6:57  Zergling x12  
  73  6:58  Zergling x2  
  73  7:01  Zerg Ground Armor Level 1, Zerg Melee Weapons Level 1  
  79  7:35  Hydralisk  
  79  7:36  Hydralisk  
  81  7:37  Overlord x4  
  81  7:38  Overlord  
  81  7:50  Overlord x4  
  81  7:52  Baneling x3  
  81  7:53  Baneling x5  
  81  7:56  Muscular Augments  
  81  7:57  Centrifical Hooks  
  81  8:07  Hatchery  
  81  8:08  Hydralisk x2  
  81  8:09  Drone, Hydralisk x2  
  89  8:15  Drone, Extractor  
  89  8:16  Drone x3  
  89  8:17  Extractor  
  91  8:28  Overseer  
  91  8:29  Overseer  
  91  8:33  Hydralisk x3  
  95  8:34  Hydralisk  
  99  8:49  Drone  
  99  8:50  Drone x6  
  99  8:51  Drone x2  
  108  8:57  Zerg Missile Weapons Level 1  
  108  9:00  Zerg Ground Armor Level 2  
  108  9:11  Overlord  
  108  9:12  Hydralisk x3  
  114  9:29  Overseer  
  114  9:32  Hydralisk x2, Zergling x10  
  114  9:33  Hydralisk x2, Zergling x4  
  129  9:43  Drone  
  129  9:44  Drone x4  
  134  9:53  Baneling x5  
  134  9:54  Hatchery, Baneling  
  134  9:57  Hydralisk x2  
  104  10:48  Hydralisk  
  104  10:49  Hydralisk x19  
  107  10:58  Zergling x12  
  103  11:31  Zergling x2  
  103  11:32  Zergling x28  
  118  11:50  Zergling x2  
  118  11:51  Zergling x10  
  83  12:20  Hydralisk x2  
  83  12:21  Hydralisk x7  
  83  12:22  Hydralisk x3  
  98  12:37  Drone x6  
  103  12:50  Queen  
  105  13:02  Hydralisk x5  
  105  13:03  Hydralisk  
  117  13:07  Zerg Missile Weapons Level 2  
  117  13:23  Drone  
  117  13:24  Drone x8  
  126  13:43  Overseer  
  126  13:44  Overseer, Overlord  
  126  13:45  Overlord x7  
  126  14:03  Infestation Pit  
  126  14:05  Hatchery  
  126  14:09  Hydralisk x4  
  124  14:10  Hydralisk  
  124  14:12  Zergling x2  
  135  14:17  Extractor  
  135  14:18  Extractor  
  133  14:38  Hydralisk x6  
  133  14:39  Hydralisk x5  
  155  14:54  Overlord x3  
  155  14:57  Hive  
  151  15:26  Overseer x4  
  151  15:28  Hydralisk x9  
  149  15:29  Hydralisk x4  
  175  15:39  Zergling x16  
  175  15:40  Zergling x2  
  175  15:42  Baneling x3  
  129  16:13  Hydralisk x7  
  129  16:14  Hydralisk  
  129  16:16  Baneling  
  129  16:17  Baneling x7  
  129  16:18  Baneling x8  
  145  16:21  Zergling x14  
  145  16:22  Zergling x2  
Show
View Real Time Build Order
Export as new Build Order

oldGREGG Protoss - Winner!

Build Orders: Oracle Opening 

Get SALT Encoding   

  12  0:01  Probe (Chrono Boost)  
  13  0:11  Probe (Chrono Boost)  
  14  0:19  Pylon  
  14  0:22  Probe (Chrono Boost)  
  15  0:37  Probe (Chrono Boost)  
  15  0:38  Gateway  
  16  0:48  Probe (Chrono Boost)  
  17  0:53  Assimilator  
  17  0:58  Probe (Chrono Boost)  
  18  1:06  Pylon  
  18  1:10  Probe (Chrono Boost)  
  19  1:21  Probe (Chrono Boost)  
  20  1:30  Cybernetics Core  
  21  1:32  Probe (Chrono Boost)  
  21  1:36  Assimilator  
  21  1:53  Nexus  
  21  2:02  Pylon  
  22  2:09  Mothership Core (Chrono Boost)  
  22  2:10  Warp Gate (Chrono Boost)  
  23  2:17  Adept  
  26  2:30  Probe (Chrono Boost)  
  26  2:44  Adept (Chrono Boost), Probe  
  29  2:56  Probe  
  30  3:00  Stargate  
  30  3:08  Probe  
  30  3:09  Adept (Chrono Boost)  
  33  3:21  Pylon  
  33  3:33  Probe  
  33  3:34  Pylon  
  34  3:43  Probe, Oracle (Chrono Boost)  
  34  3:46  Adept  
  40  3:54  Probe x2  
  42  3:59  Assimilator  
  42  4:04  Probe  
  42  4:08  Probe  
  44  4:15  Probe  
  45  4:17  Assimilator  
  45  4:19  Phoenix (Chrono Boost)  
  47  4:25  Probe  
  47  4:26  Stalker  
  50  4:31  Probe  
  50  4:32  Pylon  
  50  4:36  Probe  
  52  4:43  Probe  
  53  4:46  Probe  
  54  5:00  Probe  
  55  5:11  Probe  
  55  5:12  Phoenix, Gateway  
  58  5:14  Gateway  
  58  5:17  Gateway, Probe  
  58  5:18  Stalker  
  61  5:21  Probe  
  62  5:29  Probe  
  63  5:43  Probe  
  63  5:47  Void Ray  
  63  5:48  Probe  
  69  5:54  Pylon  
  69  6:00  Probe  
  70  6:07  Nexus  
  70  6:14  Probe  
  71  6:19  Pylon  
  71  6:22  Pylon  
  71  6:24  Probe  
  72  6:34  Stargate  
  72  6:36  Fleet Beacon  
  72  6:40  Stargate  
  72  6:41  Stalker  
  72  6:42  Stalker x3  
  80  6:50  Probe  
  81  7:00  Void Ray  
  85  7:01  Probe  
  85  7:03  Probe  
  85  7:07  Protoss Air Weapons Level 1  
  87  7:12  Probe  
  88  7:16  Probe  
  88  7:18  Probe  
  87  7:29  Probe  
  85  7:35  Probe  
  85  7:36  Probe  
  88  7:39  Probe  
  88  7:41  Forge  
  89  7:48  Probe  
  89  7:50  Probe  
  90  7:52  Carrier  
  90  7:53  Carrier  
  90  7:54  Carrier  
  109  8:00  Probe x2  
  117  8:15  Assimilator  
  117  8:18  Assimilator  
  117  8:22  Pylon  
  117  8:24  Pylon  
  117  8:40  Probe  
  118  8:44  Probe  
  118  8:47  Pylon  
  119  8:51  Probe  
  119  8:55  Probe  
  120  8:56  Twilight Council  
  120  9:02  Probe  
  121  9:08  Probe  
  121  9:18  Carrier, Probe  
  121  9:22  Zealot x4, Nexus  
  136  9:28  Pylon  
  136  9:30  Pylon  
  136  9:34  Charge  
  136  9:39  Pylon  
  136  9:40  Pylon  
  136  9:41  Pylon  
  136  9:46  Carrier x2  
  136  9:50  Pylon  
  136  9:51  Pylon  
  148  9:55  Zealot x3  
  148  9:56  Zealot  
  156  10:14  Stalker  
  156  10:16  Zealot x3  
  143  10:45  Stalker x3  
  111  10:58  Stalker  
  111  10:59  Probe  
  114  11:09  Probe  
  115  11:20  Probe  
  104  11:27  Zealot x4  
  104  11:30  Probe  
  105  11:41  Probe  
  100  11:51  Zealot x3  
  100  11:52  Zealot  
  108  11:59  Probe  
  101  12:03  Probe  
  102  12:10  Probe  
  102  12:11  Zealot  
  102  12:12  Zealot x3  
  102  12:13  Probe  
  104  12:19  Mothership Core  
  104  12:22  Probe  
  98  12:24  Probe  
  98  12:27  Assimilator  
  100  12:32  Assimilator  
  100  12:33  Probe  
  100  12:34  Probe  
  102  12:40  Zealot x2  
  102  12:41  Zealot x2  
  102  12:43  Probe  
  110  12:45  Probe  
  118  12:51  Pylon  
  118  12:53  Probe  
  118  12:54  Pylon, Probe  
  118  12:56  Pylon  
  118  12:57  Carrier x2  
  132  12:59  Void Ray  
  132  13:04  Probe  
  132  13:05  Probe  
  137  13:06  Zealot x3, Stalker  
  146  13:34  Gateway  
  146  13:35  Gateway  
  146  13:41  Gateway  
  146  13:45  Gateway  
  146  13:48  Gateway  
  146  13:51  Zealot x3  
  146  13:52  Zealot  
  154  13:56  Carrier  
  160  14:11  Zealot  
  160  14:12  Zealot  
  163  14:22  Carrier x2  
  175  14:36  Zealot  
  175  14:37  Zealot x4  
  185  14:38  Zealot  
  185  14:39  Sentry  
  189  14:48  Nexus  
  189  14:51  Assimilator  
  189  14:57  Zealot x2  
  189  14:58  Zealot x3  
  189  15:15  Zealot x4  
  195  15:31  Zealot x2  
  173  15:55  Zealot x2  
  173  15:56  Zealot x6  
  145  16:09  Zealot  
  141  16:12  Probe  
  141  16:16  Probe  
  143  16:20  Zealot x6  
  143  16:21  Zealot, Sentry  
  143  16:22  Probe  
  160  16:27  Probe  
  161  16:36  Stalker  
  161  16:37  Probe  
  164  16:44  Templar Archives  
  164  16:47  Sentry x4  
  164  16:48  Sentry x4, Probe  
  153  17:11  Zealot  
  153  17:12  Zealot x6  
  153  17:13  Zealot x2  
Tags
 
Add a new tag
Caveats
  • Supply blocks, unpowered buildings, or Contaminate may cause inaccurate times.
  • Supply counts are checked every 10 seconds.